 Dungeon Crawl Stone Soup version 0.32-a0-433-g08bcfe7efd (webtiles) character file.

Game seed: 4194295154461728248

151 greynaab the Cudgeller (level 5, -3/41 HPs)
             Began as a Mummy Monk on Feb 22, 2024.
             Was a Follower of Uskayaw.
             Slain by a +0 spectral club (6 damage)
             ... created by Ijyb
             ... on level 3 of the Dungeon.
             The game lasted 00:03:11 (2047 turns).

greynaab the Cudgeller (Mummy Monk)                 Turns: 2047, Time: 00:03:13

Health: -3/41      AC:  5    Str: 14    XL:     5   Next: 10%
Magic:  5/5        EV: 11    Int: 11    God:    Uskayaw [*.....]
Gold:   88         SH:  0    Dex: 15    Spells: 4/4 levels left

rFire   x . .        a - +0 mace
rCold   + . .        c - orb {light}
rNeg    + + +        f - +0 ring mail
rPois   ∞            (no helmet)
rElec   .            (no cloak)
rCorr   .            (no gloves)
SInv    .            (no boots)
Will    .....        (no amulet)
Stlth   +            (no ring)
HPRegen 0.26/turn    (no ring)
MPRegen 0.09/turn

%: faith
@: glowing
A: cold resistance 1, negative energy resistance 3, torment resistance 2, heat
vulnerability 1, in touch with death 1, no potions, faith
a: Renounce Religion, Stomp


You were on level 3 of the Dungeon.
You worshipped Uskayaw.
Uskayaw was noncommittal.
You visited 1 branch of the dungeon, and saw 3 of its levels.

You collected 88 gold pieces.

Inventory:

Hand Weapons
 a - a +0 mace (weapon)
Missiles
 h - 6 poisoned darts (quivered)
 j - 4 boomerangs
Armour
 b - a +0 robe
 c - an orb of light (worn)
 f - a +0 ring mail (worn)
Jewellery
 g - an amulet of magic regeneration
Scrolls
 d - a scroll of vulnerability
 e - a scroll of enchant weapon {unknown}
 i - a scroll of amnesia {unknown}


   Skills:
 - Level 3.0 Fighting
 + Level 4.8 Maces & Flails
 - Level 2.4 Dodging


You had 4 spell levels left.
You didn't know any spells.
Your spell library was empty.

Dungeon Overview and Level Annotations

Branches:
Dungeon (3/15) Zot: 15922

Altars:
Uskayaw

Annotations:
D:3 Ijyb


Innate Abilities, Weirdness & Mutations

You are immune to poison.
Your flesh is cold resistant. (rC+)
You are immune to negative energy. (rN+++)
You are immune to unholy pain and torment.
You are vulnerable to heat. (rF-)
You are in touch with the powers of death.
You do not drink.
You have a special connection with the divine. (Faith)


Message History

You slide downwards.
The hatch slams shut behind you.
Found 11 gold pieces and a glowing dagger.
Okay, then.
You see here a +3 dagger.
Ijyb the Inquisitive comes into view.
She is wielding a +0 spectral club and carrying a wand of flame.
Ijyb shouts!
You see here 11 gold pieces.
Ijyb hits you with a +0 spectral club. The +0 spectral club hits you.
A +0 spectral club comes into view.
You hit Ijyb.
Ijyb is lightly wounded.
Ijyb zaps a wand.
The puff of flame hits you! The fire burns you terribly!
You barely miss Ijyb.
Ijyb is lightly wounded.
The +0 spectral club disappears.
Ijyb completely misses you.
The +0 spectral club hits you but does no damage.
A +0 spectral club comes into view.
You hit Ijyb.
Ijyb is lightly wounded.
Ijyb closely misses you. The +0 spectral club hits you.
You hit Ijyb but do no damage.
Ijyb is lightly wounded.
Ijyb zaps a wand.
The puff of flame hits you! The fire burns you terribly!
You hit Ijyb but do no damage.
Ijyb is lightly wounded.
The +0 spectral club disappears.
Ijyb hits you with a +0 spectral club.
* * * LOW HITPOINT WARNING * * *
The +0 spectral club hits you but does no damage.
A +0 spectral club comes into view.
You hit Ijyb but do no damage.
Ijyb is lightly wounded.
Ijyb completely misses you. The +0 spectral club hits you.
* * * LOW HITPOINT WARNING * * *
You completely miss Ijyb.
Ijyb is lightly wounded.
Ijyb closely misses you. The +0 spectral club hits you.
* * * LOW HITPOINT WARNING * * *
Ijyb barely misses you. The +0 spectral club hits you.
You die...
Your body falls in perfect tune with the rhythm.

.. #.
##.############
#.............#
#.....).......#
#.............#
#.............#
#.............#####
#.........(@g......
########...........
##..........
##.........
####....## ###.# .#
#


You could see a +0 spectral club and Ijyb.

Vanquished Creatures
  Jessica (D:2)
  4 gnolls
  3 adders (D:2)
  2 ribbon worms (D:2)
  3 dart slugs
  6 endoplasms
  3 goblins
  2 hobgoblins
  5 jackals
  4 kobolds
  2 quokkas (D:2)
  4 ball pythons
  5 bats
  2 frilled lizards (D:1)
  3 rats
49 creatures vanquished.

Notes
Turn   | Place    | Note
-------+----------+-------------------------------------------
     0 | D:1      | greynaab the Mummy Monk began the quest for the Orb.
     0 | D:1      | Reached XP level 1. HP: 18/18 MP: 1/1
    53 | D:1      | Reached skill level 3 in Maces & Flails
    53 | D:1      | Reached XP level 2. HP: 20/24 MP: 2/2
   220 | D:1      | You fall into a shaft and drop 1 floor!
   748 | D:1      | Reached XP level 3. HP: 29/29 MP: 3/3
  1060 | D:2      | Reached skill level 4 in Maces & Flails
  1062 | D:2      | Reached XP level 4. HP: 32/35 MP: 4/4
  1191 | D:2      | Found a faded altar of an unknown god.
  1198 | D:2      | Prayed at the altar of an unknown god.
  1198 | D:2      | Became a worshipper of Uskayaw the Reveller
  1198 | D:2      | Reached * piety under Uskayaw
  1198 | D:2      | Reached ** piety under Uskayaw
  1385 | D:2      | Reached *** piety under Uskayaw
  1496 | D:2      | Noticed Jessica
  1511 | D:2      | Killed Jessica
  1512 | D:2      | Reached XP level 5. HP: 41/41 MP: 5/5
  2037 | D:3      | Noticed Ijyb
  2047 | D:3      | Slain by a +0 spectral club

Illustrated notes

Levels and vault maps discovered:
D:1:      dpeg_arrival_line_fractal, layout_basic
D:2:      layout_basic, serial_forest, infiniplex_forest_end_double,
          infiniplex_forest_clump_diagonal, infiniplex_forest_clump_long,
          infiniplex_forest_lined_2, infiniplex_forest_clump_C,
          infiniplex_forest_lined_1, chequers_ecumenical_altar_simple,
          uniq_jessica
D:3:      layout_basic, uniq_ijyb

Skill      XL: |  1  2  3 |
---------------+----------+-----
Maces & Flails | 3 4 |  4.8
Fighting       | |  3.0
Dodging        | |  2.4

Action                     |  1- 3 |  4- 6 || total
---------------------------+-------+-------++-------
  Melee: Mace              |    73 |    68 ||   141
    Use: Scroll            |     1 |       ||     1
 Armour: Robe              |    36 |     5 ||    41
         Ring mail         |       |    41 ||    41
  Dodge: Dodged            |    53 |    37 ||    90

Table legend: (Time is in decaauts)
 A = Elapsed time spent in this place.
 B = Non-inter-level travel time spent in this place.
 C = Inter-level travel time spent in this place.
 D = Time resting spent in this place.
 E = Time spent auto-exploring this place.
 F = Levels seen in this place.
 G = Mean time per level.
                   A        B        C        D        E       F      G
               +--------+--------+--------+--------+--------+-----+--------+
         Total |   2075 |   1994 |     81 |    148 |   1467 |   3 |  691.7 |
       Dungeon |   2075 |   1994 |     81 |    148 |   1467 |   3 |  691.7 |
               +--------+--------+--------+--------+--------+-----+--------+

Top non-repeatable levels by time:
     D:2: 1128 daAuts
     D:1: 929 daAuts
     D:3: 17 daAuts
